Map: Orbital Shipyard (3.1.0 Balance v1.1)

Players

diLLa - Winner!

  • Race: Protoss Protoss
  • League: Platinum

Player 2

  • Race: Zerg Zerg

VOD

Have the link to the VOD?

Description

Time

  • Played on: Dec. 28, 2015, 9:45 a.m.
  • Length: 7:37
Show
View Real Time Build Order
Export as new Build Order

diLLa Protoss - Winner!

Build Orders: Nexus First 

Get SALT Encoding   

  12  0:01  Probe (Chrono Boost)  
  13  0:11  Probe (Chrono Boost)  
  14  0:19  Pylon  
  14  0:22  Probe (Chrono Boost)  
  15  0:37  Probe (Chrono Boost)  
  16  0:48  Probe (Chrono Boost)  
  17  0:59  Nexus  
  17  1:09  Gateway  
  17  1:13  Probe (Chrono Boost)  
  17  1:17  Assimilator  
  18  1:23  Probe (Chrono Boost)  
  18  1:25  Assimilator  
  19  1:34  Probe (Chrono Boost)  
  20  1:44  Probe (Chrono Boost)  
  21  1:53  Forge  
  21  1:55  Probe (Chrono Boost)  
  21  1:57  Cybernetics Core  
  22  2:05  Probe (Chrono Boost)  
  23  2:12  Probe (Chrono Boost)  
  24  2:16  Probe (Chrono Boost)  
  24  2:19  Pylon  
  24  2:22  Probe (Chrono Boost)  
  26  2:26  Probe (Chrono Boost)  
  26  2:27  Protoss Ground Weapons Level 1 (Chrono Boost)  
  27  2:31  Probe  
  27  2:33  Warp Gate  
  28  2:38  Mothership Core  
  28  2:42  Probe  
  31  2:46  Adept  
  33  2:52  Probe  
  34  3:00  Probe  
  34  3:02  Robotics Facility  
  34  3:04  Probe  
  36  3:12  Probe  
  37  3:15  Sentry  
  37  3:16  Probe  
  40  3:25  Gateway  
  40  3:26  Gateway, Probe  
  41  3:31  Assimilator  
  41  3:36  Probe, Pylon, Assimilator  
  42  3:42  Probe  
  42  3:46  Stalker  
  42  3:47  Probe  
  45  3:55  Observer  
  47  3:57  Pylon  
  47  3:58  Probe  
  48  4:02  Protoss Ground Armor Level 1 (Chrono Boost)  
  48  4:06  Gateway  
  48  4:08  Gateway  
  48  4:10  Probe  
  48  4:11  Probe  
  50  4:19  Warp Prism  
  50  4:20  Probe  
  53  4:31  Probe  
  54  4:33  Probe  
  54  4:38  Pylon  
  55  4:39  Pylon  
  55  4:41  Pylon  
  55  4:42  Pylon  
  55  4:47  Gateway  
  55  4:50  Sentry x3  
  61  5:03  Immortal (Chrono Boost)  
  65  5:10  Stalker x2  
  69  5:22  Stalker  
  69  5:23  Stalker x2  
  75  5:36  Pylon  
  75  5:42  Adept x3  
  81  5:46  Adept x2  
  81  5:47  Adept  
  85  5:58  Immortal (Chrono Boost)  
  85  6:02  Stalker x2  
  85  6:03  Stalker  
  95  6:12  Stalker x2  
  95  6:18  Stalker  
  101  6:34  Pylon  
  101  6:35  Pylon  
  101  6:40  Pylon  
  101  6:41  Pylon  
  101  6:54  Stalker x3  
  101  6:55  Stalker x3  
  113  7:08  Nexus  
  113  7:18  Adept x3  
  119  7:27  Adept x2  
Show
View Real Time Build Order
Export as new Build Order

Player 2 Zerg 

Build Orders: Hatch First 

Get SALT Encoding   

  12  0:00  Drone  
  13  0:12  Overlord  
  13  0:17  Drone  
  14  0:41  Hatchery  
  13  0:45  Drone  
  14  1:03  Spawning Pool  
  13  1:05  Extractor  
  13  1:08  Drone  
  13  1:15  Drone  
  14  1:20  Overlord  
  14  1:50  Zergling x2  
  14  1:51  Queen  
  14  1:53  Zergling x2  
  18  2:00  Roach Warren  
  17  2:03  Drone  
  17  2:07  Extractor  
  17  2:11  Drone  
  18  2:16  Zergling x2  
  18  2:20  Drone  
  20  2:28  Drone  
  21  2:35  Drone  
  22  2:42  Drone  
  23  2:49  Drone  
  24  2:57  Drone  
  25  3:04  Drone  
  26  3:06  Roach  
  26  3:08  Overlord  
  28  3:13  Drone  
  29  3:20  Drone  
  30  3:27  Drone  
  31  3:34  Drone  
  32  3:41  Drone  
  32  3:43  Overlord  
  33  3:49  Drone  
  33  3:52  Lair  
  34  3:56  Drone  
  34  3:57  Roach  
  37  4:03  Drone  
  38  4:10  Drone  
  39  4:17  Drone  
  40  4:24  Drone  
  40  4:26  Overlord  
  41  4:32  Drone  
  42  4:39  Drone  
  43  4:46  Drone  
  43  4:48  Roach  
  43  4:51  Overseer  
  43  4:52  Overseer, Extractor  
  46  4:53  Drone  
  46  4:59  Extractor  
  45  5:00  Drone  
  46  5:07  Drone  
  47  5:15  Drone  
  48  5:22  Drone  
  49  5:29  Drone  
  50  5:36  Drone  
  50  5:39  Roach  
  53  5:45  Overlord, Overseer  
  44  6:04  Overlord  
  44  6:06  Overseer  
  42  6:18  Overlord  
  42  6:30  Overlord, Overseer  
  38  6:37  Zergling x2  
  38  6:38  Overlord  
  27  6:52  Overlord  
  17  7:10  Overlord  
  17  7:14  Drone, Spawning Pool  
  11  7:23  Drone  
Tags
 
Add a new tag
Caveats
  • Supply blocks, unpowered buildings, or Contaminate may cause inaccurate times.
  • Supply counts are checked every 10 seconds.